 Dungeon Crawl Stone Soup version 0.17-a0-649-g87edefa (webtiles) character file.

424 laxity the Insei (level 6, 0/38 HPs)
             Began as an Octopode Transmuter on Apr 17, 2015.
             Slain by a goblin (5 damage)
             ... led by Robin
             ... on level 4 of the Dungeon.
             The game lasted 00:09:03 (2909 turns).

laxity the Insei (Octopode Transmuter)              Turns: 2909, Time: 00:09:03

Health: 0/38       AC:  1    Str: 10    XL:     6   Next: 96%
Magic:  4/9        EV: 12    Int: 15    God:
Gold:   125        SH:  0    Dex: 14    Spells: 3 memorised, 2 levels left

rFire  . . .     SeeInvis +       - Unarmed
rCold  . . .     Clarity  .     (no shield)
rNeg   . . .     SustAb   .     (helmet restricted)
rPois  .         Gourm    .     (no amulet)
rElec  .         Spirit   .     w - ring of see invisible
rCorr  .         Warding  .     (no ring)
rMut   .         Stasis   .     (no ring)
MR     .....                    (no ring)
Stlth  ++........               (no ring)
                                (no ring)
                                (no ring)
                                (no ring)

@: very slightly contaminated, hasted, very quick, not resistant to hostile
enchantments, unstealthy
A: almost no armour, amphibious, 8 rings, constrict 8, camouflage 1, gelatinous
body 1
a: no special abilities


You were on level 4 of the Dungeon.
You were not hungry.

You visited 1 branch of the dungeon, and saw 4 of its levels.

You collected 125 gold pieces.

Inventory:

Missiles
 b - 66 arrows
 l - 15 arrows of frost
 p - 79 stones (quivered)
Jewellery
 w - a ring of see invisible (left tentacle)
Magical devices
 n - a wand of frost (20)
 x - a wand of magic darts (19)
Scrolls
 c - 2 scrolls of enchant weapon {unknown}
 e - 3 scrolls of noise {unknown}
 j - 2 scrolls of identify {unknown}
 k - a scroll of immolation {unknown}
 o - 3 scrolls of teleportation {unknown}
 r - a scroll of remove curse {unknown}
 t - a scroll of amnesia {unknown}
 v - a scroll of enchant armour {unknown}
Potions
 f - a potion of curing {unknown}
 h - a potion of ambrosia {unknown}
 i - a potion of invisibility {unknown}
 q - a potion of brilliance {unknown}
 s - a potion of haste
 u - a potion of lignification {unknown}
Books
 d - a book of Changes

   Spells                             Type                      Level
   a - Beastly Appendage              Transmutation                1
   b - Sticks to Snakes               Transmutation                2
   c - Spider Form                    Transmutation/Poison         3
   d - Ice Form                       Ice/Transmutation            4
   e - Blade Hands                    Transmutation                5
Comestibles
 a - 3 bread rations
 g - a fruit
 m - 4 meat rations
 z - a chunk of flesh
 A - a slice of pizza


   Skills:
 - Level 1.0 Fighting
 - Level 2.0 Dodging
 - Level 6.5 Unarmed Combat
 + Level 2.6 Spellcasting
 - Level 3.0 Transmutations
 - Level 2.0 Ice Magic


You had 2 spell levels left.
You knew the following spells:

 Your Spells              Type           Power        Failure   Level  Hunger
a - Beastly Appendage     Trmt           ##....       8%          1    #......
b - Spider Form           Trmt/Pois      #.........   34%         3    ###....
c - Ice Form              Ice/Trmt       #.......     78%         4    #####..


Dungeon Overview and Level Annotations

Branches:
Dungeon (4/15)
 Temple: D:4-7

Altars:
Ashenzari


Innate Abilities, Weirdness & Mutations

You cannot wear most types of armour.
You are amphibious.
You can wear up to eight rings at the same time.
You can use your tentacles to constrict eight enemies at once.
Your skin changes colour to match your surroundings (Stealth).
Your rubbery body absorbs attacks (AC +1).


Message History

a dagger of draining; a goblin corpse The goblin shoots a stone.
The stone hits you but does no damage.
You see here a stone.
The goblin shouts!
The goblin wields a runed hunting sling.
The goblin shoots a stone.
The stone misses you.
The goblin shoots a stone.
The stone barely misses you.
You see here a stone.
You closely miss the goblin.
The goblin unwields an uncursed hunting sling.
The goblin completely misses you.
The goblin shoots a stone.
The stone barely misses you.
You barely miss the goblin.
Your transformation has ended.
You tentacle-slap the goblin. Your grab misses the goblin.
Your squeeze misses the goblin.
The goblin is moderately wounded.
The goblin shoots a stone.
The stone hits you but does no damage. The goblin hits you.
You die...

#.# #.#... ### #.#..
.⌠.##'##.⌠# #.#...
.........
#.#..#.###.......#####
#.#..#......(....#...
#.#..# ..'(.._...'..
#.#..# #.....g.#
#.#..#####)))..@.##
#.#.....#.)))(.(..#
#.......#()##'##.g#
#..#.....(##...#.##
#).#.......#......
#†.#####.?.#...#...
#..# #...#####....
#..# #.............
#.## #...>#........


You could see 2 goblins.

Vanquished Creatures
  Sigmund (D:2)
  A giant frog (D:4)
  An orc wizard (D:4)
  Natasha (twice) (D:3)
  Robin (D:4)
  4 adders
  An ooze (D:2)
  2 giant geckos
  5 orcs (D:4)
  6 bats
  7 giant cockroaches
  8 hobgoblins
  11 kobolds
  A quokka (D:3)
  3 ball pythons
  A giant gecko zombie (D:4)
  6 giant newts
  13 goblins
  5 jackals
  4 rats
83 creatures vanquished.

Vanquished Creatures (others)
  A goblin (D:4)
1 creature vanquished.

Grand Total: 84 creatures vanquished

Notes
Turn   | Place    | Note
--------------------------------------------------------------
     0 | D:1      | laxity, the Octopode Transmuter, began the quest for the Orb.
     0 | D:1      | Reached XP level 1. HP: 13/13 MP: 3/3
   128 | D:1      | Noticed an ogre
   128 | D:1      | Noticed an ogre
   196 | D:1      | Reached XP level 2. HP: 18/18 MP: 5/5
   668 | D:1      | Noticed an ogre
   669 | D:1      | Noticed an ogre
   673 | D:1      | Reached skill level 4 in Unarmed Combat
   734 | D:2      | Reached XP level 3. HP: 20/23 MP: 6/6
   776 | D:2      | Learned a level 3 spell: Spider Form
  1155 | D:2      | Reached XP level 4. HP: 24/28 MP: 7/7
  1329 | D:2      | Noticed Sigmund
  1395 | D:2      | Killed Sigmund
  1395 | D:2      | Reached skill level 6 in Unarmed Combat
  1395 | D:2      | Reached XP level 5. HP: 12/33 MP: 4/8
  1567 | D:2      | Reached XP level 6. HP: 29/38 MP: 9/9
  1628 | D:2      | Learned a level 4 spell: Ice Form
  2146 | D:3      | Noticed Natasha
  2152 | D:3      | Killed Natasha
  2430 | D:3      | Noticed Natasha
  2436 | D:3      | Killed Natasha
  2768 | D:4      | Found a shattered altar of Ashenzari.
  2888 | D:4      | Noticed Robin
  2899 | D:4      | Killed Robin
  2909 | D:4      | Slain by a goblin

Action                   |  1- 3 |  4- 6 || total
-------------------------+-------+-------++-------
Melee: Unarmed           |    74 |   104 ||   178
 Cast: Spider Form       |       |     2 ||     2
  Use: Potion            |       |     1 ||     1
 Stab: Sleeping          |     3 |     3 ||     6
       Distracted        |     1 |     1 ||     2
  Eat: Chunk             |     1 |     5 ||     6
       Fruit             |       |     1 ||     1
